Cogmind - Beta 13 @@@ ROGUE MODE // 2024.04.20 @ 08:18:14 Player: sick0r Result: Destroyed by D-53 Grenadier with Mini Grenade Launcher Performance ------------- Evolutions (0) 0 Regions Visited (2) 400 Robots Destroyed (15) 75 Value Destroyed (338) 338 Prototype IDs (2) 40 Alien Tech Used (0) 0 Bonus (0) 0 TOTAL SCORE: 853 Bonus ------- None Cogmind --------- Core Integrity 0/250 Matter 295/300 Energy 98/100 System Corruption 0% Temperature Cool (0) Movement Rolling (135) Ox3 Location -10/Mines Parts ------- > --- POWER (1) -------- (None) > --- PROPULSION (2) --- Wheel Compact Wheel > --- UTILITY (2) ------ Huge Storage Unit Targeting Computer > --- WEAPON (2) ------- (None) > --- INVENTORY (25) --- Ion Engine Light Ion Engine Light Treads Light Treads Light Treads Light Treads Compact Wheel High-capacity Storage Unit Large Matter Pod (150) Signal Interpreter Targeting Computer Core Shielding Core Shielding Core Shielding Core Shielding Hacking Suite Thief Drone Bay Beam Cannon Hammer Peak State ------------ > --- POWER ------------ Ion Engine > --- PROPULSION ------- Wheel Wheel > --- UTILITY ---------- Huge Storage Unit Targeting Computer > --- WEAPON ----------- Assault Rifle Light Assault Rifle > --- INVENTORY -------- Ion Engine Ion Engine Light Ion Engine Light Treads Light Treads Light Treads Wheel Compact Wheel Compact Wheel High-capacity Storage Unit Large Matter Pod Signal Interpreter Targeting Computer Core Shielding Core Shielding Core Shielding Core Shielding Hacking Suite Beam Cannon Hammer [Rating: 9] Favorites ----------- Power Ion Engine Engine Ion Engine Propulsion Aluminum Leg Leg Aluminum Leg Wheel Wheel Utility High-capacity Storage Unit Storage High-capacity Storage Unit Processor Targeting Computer Weapon Light Assault Rifle Energy Gun Small Laser Ballistic Gun Light Assault Rifle Impact Weapon Hammer Build | -11 -10 -10 ------- Run | Yrd Mat Min Slots Evolved . | . . . Power . | . . . Propulsion . | . . . Utility . | . . . Weapon . | . . . Parts Attached 18 | 6 10 2 Power 2 | 1 1 . Engine 2 | 1 1 . Core . | . . . Reactor . | . . . Propulsion 6 | 2 3 1 Treads . | . . . Leg 2 | 2 . . Wheel 4 | . 3 1 Hover . | . . . Flight . | . . . Utility 5 | 1 4 . Device . | . . . Storage 4 | 1 3 . Processor 1 | . 1 . Hackware . | . . . Protection . | . . . Artifact . | . . . Weapon 5 | 2 2 1 Energy Gun 1 | 1 . . Energy Cannon . | . . . Ballistic Gun 3 | 1 1 1 Ballistic Cannon . | . . . Launcher . | . . . Special Weapon . | . . . Impact Weapon 1 | . 1 . Slashing Weapon . | . . . Piercing Weapon . | . . . Special Melee Weapon . | . . . Unidentified Prototypes . | . . . Parts Lost 6 | . 2 4 Power 2 | . 1 1 Propulsion 2 | . 1 1 Utility . | . . . Weapon 2 | . . 2 Highest Loss Streak 4 | . 2 4 To Critical Strikes . | . . . Average Slot Usage (%) 90 | . 90 92 Engine 14 | . 14 14 Leg 15 | . 16 . Wheel 12 | . 11 28 Storage 14 | . 14 14 Processor 5 | . 5 14 Ballistic Gun 26 | . 26 19 Impact Weapon 1 | . 1 1 Naked Turns . | . . . Heaviest Build 88 | 12 88 88 Greatest Support 26 | 20 20 26 Greatest Overweight (x) 8 | 3 4 8 Average Overweight (x) 2 | 1 2 3 Largest Inventory Capacity 25 | 8 25 25 Average Capacity 20 | 7 20 25 Most Carried 20 | 8 20 20 Average Carried 14 | 6 14 19 Final Capacity 25 | 8 25 25 Final Carried 19 | 6 18 19 Class Distribution -------------------- 100% | Mutant Dominant Class ---------------- Mutant | -10/Materials Mutant | -10/Mines Resources | -11 -10 -10 ----------- Run | Yrd Mat Min Matter Collected 664 | 239 415 10 Remotely . | . . . Salvage Created 568 | . 492 76 Parts 29 | . 29 . Haulers Intercepted . | . . . Recyclers Shooed 1 | . 1 . Parts Field Recycled . | . . . Retrieved Matter . | . . . Parts Self-Destructed . | . . . Prevented . | . . . Kills | -11 -10 -10 ------- Run | Yrd Mat Min Combat Hostiles Destroyed 10 | . 10 . Guns 10 | . 10 . Classes Destroyed 5 | . 5 . Recycler 1 | . 1 . Operator 1 | . 1 . Watcher 3 | . 3 . Swarmer 3 | . 3 . Grunt 7 | . 7 . Best Kill Streak 5 | . 5 . Combat Bots Only 5 | . 5 . Max Kills in Single Turn 1 | . 1 . Gunslinging . | . . . Exploded . | . . . Melee . | . . . Uniques/NPCs Destroyed . | . . . Combat | -11 -10 -10 -------- Run | Yrd Mat Min Hostile Shots Fired 67 | . 60 7 Missed 14 | . 14 . Damage Taken 742 | . 451 291 Core 252 | . 115 137 Absorbed by Shields . | . . . Core Remaining (%) 100 | 100 . . Volleys Fired 41 | . 41 . Largest 2 | . 2 . Hottest 40 | . 40 . Shots Fired 82 | . 82 . Gun 82 | . 82 . Cannon . | . . . Launcher . | . . . Special . | . . . Kinetic 82 | . 82 . Thermal . | . . . Explosive . | . . . Electromagnetic . | . . . Robot Hit Streak 7 | . 7 . Robot Miss Streak 4 | . 4 . Penetration Max . | . . . Secondary Targets . | . . . Shots Hit Robots 51 | . 49 2 Core Hits 27 | . 27 . Critical Kills . | . . . Critical Parts Destroyed 1 | . . 1 Critical Strikes 1 | . . 1 Smash 1 | . . 1 Melee Attacks 3 | . 1 2 Impact 3 | . 1 2 Slashing . | . . . Piercing . | . . . Sneak Attacks . | . . . Combat Hostiles . | . . . Follow-up Attacks . | . . . Damage Inflicted 642 | . 542 100 Guns 542 | . 542 . Cannons . | . . . Explosions . | . . . Melee 100 | . . 100 Ramming . | . . . Kinetic 542 | . 542 . Thermal . | . . . Explosive . | . . . Electromagnetic . | . . . Impact 100 | . . 100 Slashing . | . . . Piercing . | . . . Highest Corruption . | . . . Average Corruption . | . . . Corruption Purged . | . . . Corruption Blocked . | . . . Overload Shots . | . . . Overflow Damage 88 | . . 88 Projectiles . | . . . Explosions . | . . . Melee 88 | . . 88 Knockbacks . | . . . Impact . | . . . Kinetic . | . . . Secondary . | . . . Self-Inflicted Damage . | . . . Shots . | . . . Rammed . | . . . Targets Rammed . | . . . Kicked . | . . . Crushed . | . . . Highest Temperature 12 | . 12 . Average Temperature 7 | . 7 . Received Heat Transfer 174 | . 174 . Siege Activations . | . . . Robots Corrupted . | . . . Combat Hostiles . | . . . Parts Fried 1 | . . 1 Impact Corruptions 6 | . . 6 Robots Melted . | . . . Combat Hostiles . | . . . Parts Melted . | . . . Heat Transferred . | . . . Parts Sabotaged . | . . . Parts Stolen . | . . . Parts Stripped . | . . . Power Chain Reactions . | . . . Alert | -11 -10 -10 ------- Run | Yrd Mat Min Peak Influence 128 | . 128 18 Initial 8 | . . 8 Average 25 | . 26 13 Maximum Alert Level . | . . . Low Security (%) 100 | 100 100 100 Level 1 . | . . . Level 2 . | . . . Level 3 . | . . . Level 4 . | . . . Level 5 . | . . . High Security . | . . . Max Security . | . . . Squads Dispatched 3 | . 3 . Investigation 2 | . 2 . Extermination . | . . . Reinforcement 1 | . 1 . Assault . | . . . Garrison . | . . . Intercept . | . . . Searches Triggered . | . . . Construction Impeded . | . . . Haulers Reinforced . | . . . Active Scanning Responses . | . . . Cargo Convoy Interrupts . | . . . Stealth | -11 -10 -10 --------- Run | Yrd Mat Min Distress Signals 1 | . 1 . Communications Jammed . | . . . Distress Signals . | . . . Times Spotted 19 | . 17 2 Peak Tracking Total 4 | . 4 2 Tactical Retreats . | . . . Traps | -11 -10 -10 ------- Run | Yrd Mat Min Traps Triggered . | . . . Indirectly . | . . . Trap Hack Attempts . | . . . Triggered . | . . . Disarmed . | . . . Reprogrammed . | . . . Reused . | . . . Traps Extracted . | . . . Installed . | . . . Triggered . | . . . Machines | -11 -10 -10 ---------- Run | Yrd Mat Min Machines Disabled . | . . . Max in Single Turn . | . . . Machines Repaired . | . . . Machines Dismantled . | . . . Machines Sabotaged . | . . . Overloaded Fab Kills . | . . . Hacking | -11 -10 -10 --------- Run | Yrd Mat Min Machines Accessed 7 | . 6 1 Terminals 5 | . 5 . Fabricators . | . . . Repair Stations . | . . . Recycling Units 1 | . 1 . Scanalyzers . | . . . Garrison Access . | . . . Total Hacks 12 | . 11 1 Successful 7 | . 6 1 Failed 5 | . 5 . Catastrophic 2 | . 2 . Database Lockouts . | . . . Manual . | . . . Terminals 8 | . 8 . Fabricators . | . . . Repair Stations . | . . . Recycling Units 3 | . 3 . Scanalyzers . | . . . Garrison Access . | . . . Terminal Hacks 4 | . 3 1 Prototype ID Bank 1 | . 1 . Open Door 1 | . . 1 Locate Traps 1 | . 1 . Zone Layout 1 | . 1 . Fabricator Hacks . | . . . Repair Station Hacks . | . . . Recycling Unit Hacks 3 | . 3 . Recycle Component 2 | . 2 . Process 1 | . 1 . Scanalyzer . | . . . Garrison Access Hacks . | . . . Unauthorized Hacks . | . . . Terminals . | . . . Fabricators . | . . . Repair Stations . | . . . Recycling Units . | . . . Scanalyzers . | . . . Garrison Access . | . . . Data Cores Recovered . | . . . Used . | . . . Hacking Detections 4 | . 4 . Full Trace Events 2 | . 2 . Feedback Events . | . . . Feedback Blocked . | . . . Robot Schematics Acquired . | . . . Robots Built . | . . . Authchips . | . . . Time . | . . . Total Robot Build Rating . | . . . Part Schematics Acquired . | . . . Parts Built . | . . . Authchips . | . . . Time . | . . . Total Part Build Rating . | . . . Parts Repaired . | . . . Time . | . . . Parts Recycled 2 | . 2 . Recycled Matter 540 | . 540 . Retrieved Matter . | . . . Retrieved Components . | . . . Parts Scanalyzed . | . . . Part Schematics Acquired . | . . . Parts Damaged . | . . . Bothacking | -11 -10 -10 ------------ Run | Yrd Mat Min Used RIF Installer . | . . . Robots Hacked . | . . . Non-combat . | . . . Combat . | . . . Robot Hacks Applied . | . . . Relay Couplers Released . | . . . Fabnet Peak Effective % . | . . . Robots Rewired . | . . . Allies Hacked . | . . . Hacks Repelled . | . . . Allies | -11 -10 -10 -------- Run | Yrd Mat Min Total Allies . | . . . Largest Group . | . . . Highest-Rated Group . | . . . Highest-Rated Ally . | . . . Total Orders . | . . . Ally Attacks . | . . . Total Damage . | . . . Kills . | . . . Allies Corrupted . | . . . Allies Melted . | . . . Intel | -11 -10 -10 ------- Run | Yrd Mat Min Robot Analysis Total . | . . . Derelict Logs Recovered . | . . . Drone Launches . | . . . Drone Recoveries . | . . . Exploration | -11 -10 -10 ------------- Run | Yrd Mat Min Turns Passed 1943 | 74 1788 81 Spaces Moved 919 | 42 826 51 Core 34 | 34 . . Treads . | . . . Legs 420 | 8 412 . Wheels 465 | . 414 51 Hover . | . . . Flight . | . . . Fastest Speed 50 | 50 120 135 Average Speed 173 | 138 177 140 Slowest Speed 260 | 200 260 200 Overloaded Moves . | . . . Propulsion Burnouts . | . . . Robots Hopped . | . . . Cave-ins Triggered . | . . . Exploration Rate (%) 38 | 3 94 18 Regions Visited 2 Branch Regions 1 Pre-discovered Areas . | . . . Known Exits Taken . | . . . Unknown Exits Taken 2 | 1 1 . Scrap Searched . | . . . Spaces Dug 1 | . 1 . Terrain Destroyed 1 | . 1 . Melee 1 | . 1 . Projectile . | . . . AOE . | . . . Terrain Rammed . | . . . Walls Destroyed . | . . . Machines Disabled . | . . . Actions | -11 -10 -10 --------- Run | Yrd Mat Min Total 1186 | 56 1073 57 Wait 165 | . 165 . Move 917 | 41 825 51 Hop . | . . . Pick Up 35 | 9 24 2 Fast Attach 3 | 3 . . Attach 8 | 3 4 1 Detach . | . . . Swap 7 | . 6 1 Drop 7 | . 7 . Fire 41 | . 41 . Melee 3 | . 1 2 Ram . | . . . Kick . | . . . Crush . | . . . Escape Stasis . | . . . Rewire . | . . . Trap . | . . . Miscellaneous . | . . . Route ------- -11/Scrapyard -10/Materials (discovered 5 exits: [*Mat x3] / *Min / [*Sub]) -10/Mines (discovered 1 exit: [*Mat]) History --------- Turn | Location | Event 17 | -11/Scrapyard | Discovered new exit (range 16) 75 | -11/Scrapyard | Entered Materials 304 | -10/Materials | Build established: Mutant 867 | -10/Materials | Discovered new exit (range 12) 1292 | -10/Materials | Discovered new exit (range 8) 1415 | -10/Materials | Discovered new exit (range 16) 1620 | -10/Materials | Discovered new exit (range 15) 1699 | -10/Materials | Discovered new exit (range 9) 1863 | -10/Materials | Entered Mines 1872 | -10/Mines | Assembled infested the area 1877 | -10/Mines | Assisted by a Guerilla fighting off Assembled 1897 | -10/Mines | Discovered new exit (range 13) 1898 | -10/Mines | Found the Drone Emporium 1905 | -10/Mines | Found Prototype Device 1925 | -10/Mines | Core integrity fell below 50% 1944 | -10/Mines | Core integrity fell below 20% 1944 | -10/Mines | Destroyed by D-53 Grenadier with Mini Grenade Launcher Last Messages --------------- ready to tell them where they can shove that C&D." K-01 Serf collects debris. U-05 Engineer lays Concrete. JR-94L(g): "I'm a fan of the free market. Free drones for all! No strings attached!" K-01 Serf collects debris. U-05 Engineer builds a Wall. Acquired Prototype Device. U-05 Engineer builds a Wall. U-05 Engineer lays Concrete. U-05 Engineer builds a Wall. U-05 Engineer destroyed. Assault Rifle destroyed. Wheel destroyed. Terminal disabled. The unstable cave ceiling collapses. Lgt. Assault Rifle destroyed. Ion Engine destroyed. U-05 Engineer lays Concrete. Map ----- +----------------------------------------------------+ | | | | | | | ??????????????????????????????????????? | | ??????????????????????????????????????? | | ??????????????????????????????????????? | | ???????????????????????????????#####??? | | ?????????????????????????????### %##?? | | ????????????????????????????## #?? | | ????????????????????????????# %[ [#?? | | ??????????????????????####### ##?? | | ?????????????????????##""""### ##??? | | ????????###??#???????#" "#### #???? | | ???????? ###%??????#" "#??# #???? | | ?????????# !??????##$ ###?# #???? | | ?????????# ?????### ## ### #???? | | ?????????? % ?????# X ## #???? | | ?????????### ????# ## #???? | | ??????#### %<##### #???? | | ??????? ! #d # #???? | | ??????????# d # #######???? | | ?????????? ## #????????? | | ???????# # #????????? | | ???????# #####????? | | ????? ### # # #????? | | ?????# ! @ ### #????? | | ?????# # #????????? | | ?????### ###????????? | | ???????# ## ??????????? | | ??????????#### ## u ?????????? | | ?????????????####### ###????????? | | ???????????????????# #??????????? | | ??????????????????? #??????????? | | ??????????????????## """ #??????????? | | ???????????????????# """ #??????????? | | ???????????????????# """ #??????????? | | ???????????????????# ?? #??????????? | | ???????????????????####?? ##??????????? | | ????????????????????????? ????????????? | | ????????????????????????? ????????????? | | ????????????????????????? ????????????? | | ??????????????????????????????????????? | | ??????????????????????????????????????? | | ??????????????????????????????????????? | | ??????????????????????????????????????? | | ??????????????????????????????????????? | | ??????????????????????????????????????? | | ??????????????????????????????????????? | | ??????????????????????????????????????? | | ??????????????????????????????????????? | +----------------------------------------------------+ Best States ------------- Heat Dissipation 25 Energy Generation 10 Energy Capacity 250 Matter Stores 300 Matter Capacity 300 Sight Range 16 Terrain Scan Density 10 Evasion (%) 55 Targeting Accuracy 5 Item Schematics ----------------- None Robot Schematics ------------------ None Fabricated ------------ Nothing Alien Tech Used ----------------- None Achievements -------------- None Challenges ------------ None Game ------ Seed CargoSupersonicLog Manual? 0 Play Time 00:15:35 Cumulative 26.7 hours Start 2024.04.20 @ 08:03:00 End 2024.04.20 @ 08:18:14 Sessions 1 Manual Loads 0 Difficulty Rogue Special Mode None Game No. 28 Rogue 28 Adventurer 0 Explorer 0 Win Type - Total 0 Types 0/0/0/0/0/0/0/0/0 Lore% 15 Gallery% 22 Achievement% 100 Wizard Run 0 Options --------- Layout 1 ASCII 0 Keyboard 0 Movement Mouse Keybinds 0 Fullscreen 1 Font 24/Smallcaps Map View 50x35 Zoom Use 0% Tactical HUD 0 Map Filters NONE Filters NONE Steam 1 RUN: cd0637a3-b06a-42ed-a152-1ef30a19001c